 Dungeon Crawl Stone Soup version 0.30-a0-782-ge64f9170bb (webtiles) character file.

Game seed: 6570940770357102249

109 Leeroy the Slasher (level 4, -2/33 HPs)
             Began as a Merfolk Gladiator on Feb 25, 2023.
             Slain by a gnoll
             ... wielding a +0 flail
              (6 damage)
             ... on level 3 of the Dungeon.
             The game lasted 00:03:03 (1485 turns).

Leeroy the Slasher (Merfolk Gladiator)              Turns: 1485, Time: 00:03:03

Health: -2/33      AC:  4    Str: 14    XL:     4   Next: 90%
Magic:  4/4        EV: 13    Int:  7    God:
Gold:   121        SH:  0    Dex: 17    Spells: 3/3 levels left

rFire   x . .      SeeInvis .    a - +0 long sword
rCold   + . .      Faith    .    (no shield)
rNeg    . . .      Spirit   .    b - +0 leather armour
rPois   +          Reflect  .    c - +0 helmet
rElec   .          Harm     .    (no cloak)
rCorr   .          Rampage  .    (no gloves)
Will    .....                    (no boots)
Stlth   +                        (no amulet)
HPRegen 0.25/turn                q - ring of ice
MPRegen 0.09/turn                t - ring of poison resistance

@: no status effects
A: (nimble swimmer 2), mertail
a: no special abilities


You were on level 3 of the Dungeon.
You visited 1 branch of the dungeon, and saw 3 of its levels.

You collected 121 gold pieces.

Inventory:

Hand Weapons
 a - a +0 long sword (weapon)
 p - a +0 rapier
Missiles
 d - 3 throwing nets (quivered)
 e - a javelin
 n - 6 poisoned darts
Armour
 b - a +0 leather armour (worn)
 c - a +0 helmet (worn)
Jewellery
 q - a ring of ice (left hand)
 t - a ring of poison resistance (right hand)
Scrolls
 f - 3 scrolls of identify {unknown}
 g - 3 scrolls of vulnerability {unknown}
 h - a scroll of magic mapping {unknown}
 i - a scroll of poison {unknown}
 k - a scroll of immolation {unknown}
 l - a scroll of torment {unknown}
 o - 2 scrolls of noise {unknown}
 r - a scroll of teleportation {unknown}
Potions
 j - a potion of degeneration {unknown}
 m - 2 potions of curing {unknown}
 s - a potion of mutation {unknown}


   Skills:
 - Level 2.1 Fighting
 + Level 6.5 Long Blades
 - Level 2.0 Throwing
 - Level 4.0 Dodging


You had 3 spell levels left.
You didn't know any spells.
Your spell library was empty.

Dungeon Overview and Level Annotations

Branches:
Dungeon (3/15)

Altars:


Innate Abilities, Weirdness & Mutations

((You are very nimble when in or above water. (Stealth+, EV+, Speed+++)))
Your lower body shifts to a powerful aquatic tail in water.


Message History

The orc barely misses you.
You closely miss the orc. Your punch misses the orc.
The orc hits you but does no damage.
You hit the orc.
The orc is lightly wounded.
An orc comes into view. It is wielding a +0 hand axe.
The orc hits you with a +0 dagger.
You slash the orc!
You kill the orc!
The gnoll attacks as you move away! The gnoll hits you with a +0 whip.
The gnoll attacks as you move away! The gnoll barely misses you.
You closely miss the gnoll. The gnoll hits you with a +0 whip.
You slash the gnoll!
The gnoll is severely wounded.
The gnoll hits you with a +0 whip!
You slash the gnoll!
You kill the gnoll!
The gnoll hits you but does no damage.
You slash the gnoll!
The gnoll is almost dead.
The gnoll closely misses you. The gnoll misses you.
You closely miss the gnoll.
The gnoll is almost dead.
The gnoll barely misses you. The gnoll closely misses you.
The gnoll barely misses you. x2
You slash the gnoll!
You kill the gnoll!
The gnoll barely misses you.
You barely miss the gnoll. The gnoll misses you. x2
You barely miss the gnoll. The gnoll hits you with a +0 club.
The gnoll barely misses you.
You closely miss the gnoll. The gnoll barely misses you.
The gnoll hits you with a +0 flail.
* * * LOW HITPOINT WARNING * * *
You slash the gnoll!
The gnoll is almost dead.
The gnoll hits you with a +0 club.
* * * LOW HITPOINT WARNING * * *
The gnoll hits you with a +0 flail.
You die...

.. .♣ . .# #..♣.♣ .♣ ..
.# ..♣.♣ .♣ ... .# #.♣..
.♣ .... .#
#.♣.♣♣♣♣♣o♣..... .#
#.......)gg.....
.#######.#.#.#..# #
...†.......[##.###.##.##
............).og@g......
.......#.#)#..#######.##
.<.....'.#.##...#
).)....###.####.#
.......# #.# .# .......#
... # .......# ..#
.......# ..# .......#


You could see 2 gnolls and an orc.

Vanquished Creatures
  Jessica (D:3)
  2 adders (D:2)
  2 gnolls (D:3)
  A worm (D:2)
  4 orcs (D:3)
  3 ball pythons
  An endoplasm (D:1)
  2 giant cockroaches (D:2)
  5 goblins
  5 hobgoblins
  2 kobolds
  A quokka (D:2)
  5 bats
  2 frilled lizards (D:2)
  4 rats
40 creatures vanquished.

Notes
Turn   | Place    | Note
-------+----------+-------------------------------------------
     0 | D:1      | Leeroy the Merfolk Gladiator began the quest for the Orb.
     0 | D:1      | Reached XP level 1. HP: 16/16 MP: 1/1
   151 | D:1      | Reached skill level 4 in Long Blades
   255 | D:1      | Reached XP level 2. HP: 21/22 MP: 2/2
   939 | D:2      | Reached skill level 5 in Long Blades
   939 | D:2      | Reached XP level 3. HP: 27/27 MP: 3/3
  1381 | D:3      | Noticed Jessica
  1394 | D:3      | Killed Jessica
  1395 | D:3      | Reached skill level 6 in Long Blades
  1395 | D:3      | Reached XP level 4. HP: 30/33 MP: 4/4
  1485 | D:3      | Slain by a gnoll

Illustrated notes

Levels and vault maps discovered:
D:1:      co_arrival_random_square_maze, layout_basic
D:2:      layout_basic, minmay_tromino_v4_b
D:3:      layout_basic, minitemple, mainiacjoe_overflow_cross_hatched,
          uniq_jessica

Skill      XL: |  1  2  3 |
---------------+----------+-----
Long Blades    | 4 5 6 |  6.5
Fighting       | |  2.1
Throwing       | |  2.0
Dodging        | |  4.0

Action                     |  1- 3 |  4- 6 || total
---------------------------+-------+-------++-------
  Melee: Long sword        |   110 |    31 ||   141
         Punch             |     2 |       ||     2
 Armour: Leather armour    |    40 |     4 ||    44
  Dodge: Dodged            |    88 |    27 ||   115

Table legend: (Time is in decaauts)
 A = Elapsed time spent in this place.
 B = Non-inter-level travel time spent in this place.
 C = Inter-level travel time spent in this place.
 D = Time resting spent in this place.
 E = Time spent auto-exploring this place.
 F = Levels seen in this place.
 G = Mean time per level.
                   A        B        C        D        E       F      G
               +--------+--------+--------+--------+--------+-----+--------+
         Total |   1505 |   1450 |     55 |      0 |   1104 |   3 |  501.7 |
       Dungeon |   1505 |   1450 |     55 |      0 |   1104 |   3 |  501.7 |
               +--------+--------+--------+--------+--------+-----+--------+

Top non-repeatable levels by time:
     D:2: 749 daAuts
     D:1: 648 daAuts
     D:3: 107 daAuts
